[Event "Early-Titled-Tuesday-Blitz-October-03-2023"]
[Site "Chess.com"]
[Date "2023.10.03"]
[Round "5"]
[White "LeoLV10"]
[Black "Kopytkin"]
[Result "1-0"]
[WhiteElo "2578"]
[BlackElo "2392"]
[TimeControl "180+1"]
[EndTime "8:55:41 PDT"]
[Termination "LeoLV10 won on time"]

1. e4 Nf6 2. e5 Nd5 3. c4 Nb6 4. d4 d6 5. exd6 cxd6 6. Nc3 g6 7.
Be3 Bg7 8. Rc1 O-O 9. Be2 Bf5 10. Nf3 d5 11. c5 Nc8 12. O-O Bg4 13. h3 Bxf3 14.
Bxf3 e6 15. b4 Ne7 16. b5 Nf5 17. Ne2 Qa5 18. a4 Nh4 19. Nc3 Qb4 20. Be2 Nf5 21. Na2 Qa3 22. Qd2 Qxa4 23. Nc3 Qa5 24. Ra1 Qd8 25.
Rfb1 Nd7 26. c6 bxc6 27. bxc6 Nb6 28. Nb5 Nd6 29. Bf4 Ndc4 30. Qc3 e5 31. dxe5 Qe7 32. Bxc4 dxc4 33. Bg3 Rfc8 34. c7 Qc5 35. Ra5 Nd5 36. Qa1 Nxc7 37. Nxa7 1-0

[Event "Early-Titled-Tuesday-Blitz-October-03-2023"]
[Site "Chess.com"]
[Date "2023.10.03"]
[Round "5"]
[White "Maxfan2008"]
[Black "wild3000"]
[Result "0-1"]
[WhiteElo "2569"]
[BlackElo "2422"]
[TimeControl "180+1"]
[EndTime "8:55:42 PDT"]
[Termination "wild3000 won on time"]

1. d4 d5 2. c4 dxc4 3. e4 e6 4. Bxc4 Nf6 5. Nc3 Be7 6. Nf3 O-O 7. e5 Nd5 8. Nxd5 exd5 9. Bd3 Bg4 10. h4 h5 11. Bg5 c5 12. Bc2 cxd4 13. Qxd4 Nc6 14.
Qf4 Qa5+ 15. Kf1 Qb4 16. Qe3 Qxb2 17. Rc1 Bxf3 18. Bxe7 Nxe7 19. gxf3 d4 20. Qd2 Qb5+ 21. Kg2 Qxe5 22. Rce1 Qf6 23. Qd3 Ng6 24. Kf1 Rfe8 25. Rb1 b6 26. Rb5 Re5 27. Rxe5 Qxe5 28. Rg1 Qf6 29.
Rg5 Rc8 30. Rxh5 Qf4 31. Qf5 Qxf5 32. Bxf5 Rc5 0-1

[Event "Early-Titled-Tuesday-Blitz-October-03-2023"]
[Site "Chess.com"]
[Date "2023.10.03"]
[Round "5"]
[White "Lady_Nika"]
[Black "IngOscarArdila"]
[Result "1-0"]
[WhiteElo "2538"]
[BlackElo "2329"]
[TimeControl "180+1"]
[EndTime "8:55:43 PDT"]
[Termination "Lady_Nika won by checkmate"]

1. e4 e5 2. Nf3 Nf6 3. Nxe5 d6 4. Nf3 Nxe4 5. d3 Nf6 6. d4 Bg4 7. Be2 Be7 8. O-O O-O 9. h3 Bh5 10. b3 Re8 11. Bb2 Nbd7 12. c4 Ne4 13. Nc3 Nxc3 14.
Bxc3 Nf6 15. Qc2 Qd7 16. d5 Bg6 17. Bd3 Nh5 18. Rae1 Bf6 19. Bxg6 hxg6 20. Bd2 Be5 21. Nxe5 dxe5 22. Bc3 Qd6 23. Qb2 f6 24. Re4 Nf4 25. Kh2 Kf7 26. g3 Nd3 27. Qe2 Nc5 28. Re3 a5 29. Kg2 e4 30. f3 exf3+ 31. Rfxf3 f5 32. Ba1 Rxe3 33. Rxe3 Ne4 34. Qf3 Re8 35. g4 Ng5 36. Qe2 Rxe3 37. Qxe3 Ne4 38. Qf3 Qd7 39. Bd4 Kg8 40. Qf4 c6 41. Qe5 cxd5 42. cxd5 b5 43.
gxf5 gxf5 44. h4 Kh7 45. h5 Qf7 46. d6 Nf6 47. Qxf5+ Kh8 48. Bxf6 gxf6 49. d7 Qe7 50. Qd3 Qd8 51. Qd5 Kg7 52. Kf3 Kh6 53. Qf7 Kg5 54. Qg6+ Kh4 55. Qg4# 1-0

[Event "Early-Titled-Tuesday-Blitz-October-03-2023"]
[Site "Chess.com"]
[Date "2023.10.03"]
[Round "5"]
[White "meoluoi91"]
[Black "Defenstrator"]
[Result "0-1"]
[WhiteElo "2611"]
[BlackElo "2454"]
[TimeControl "180+1"]
[EndTime "8:55:45 PDT"]
[Termination "Defenstrator won by checkmate"]

1. e4 c5 2. Nf3 Nc6 3. c3 f5 4.
exf5 d5 5. Bd3 Nh6 6. O-O Bxf5 7. Bxf5 Nxf5 8. Re1 g6 9. Qb3 Qd6 10. Qxb7 Rb8 11.
Qa6 Bg7 12. Qe2 e5 13. d3 O-O 14. Na3 e4 15. dxe4 Rbe8 16. Qd1 dxe4 17. Qb3+ Kh8 18.
Ng5 e3 19. Bxe3 Nxe3 20. Rxe3 Rxe3 21. fxe3 Qe7 22. Qd5 Qxe3+ 23. Kh1 Ne5 24. Ne6 Ng4 25. h3 Nf2+ 26. Kh2 Be5+ 27. Kg1 Nxh3+ 28. Kh1 Qg1+ 29.
Rxg1 Nf2# 0-1

[Event "Early-Titled-Tuesday-Blitz-October-03-2023"]
[Site "Chess.com"]
[Date "2023.10.03"]
[Round "5"]
[White "zozik"]
[Black "vladgoncharov"]
[Result "1-0"]
[WhiteElo "2345"]
[BlackElo "2511"]
[TimeControl "180+1"]
[EndTime "8:55:45 PDT"]
[Termination "zozik won by resignation"]

1. d4 Nf6 2. Nf3 e6 3. g3 c5 4. Bg2 cxd4 5. O-O Nc6 6. Nxd4 Be7 7. c4 d5 8. cxd5 exd5 9. Nc3 O-O 10. Be3 Bg4 11. Rc1 Qd7 12. Qd2 Bh3 13. Rfd1 Bxg2 14.
Kxg2 Rfe8 15. Qd3 g6 16. Bg5 Rad8 17. Qf3 Ne4 18. Bxe7 Qxe7 19. Nxc6 bxc6 20. Nxe4 Qxe4 21. Qxe4 Rxe4 22. e3 Rb4 23. b3 Rb6 24. Rc5 Ra6 25.
Rd2 Kf8 26. e4 Ke7 27. exd5 cxd5 28. Rc7+ Kf6 29. a4 Rdd6 30. Rd4 Rab6 31. b4 g5 32.
Rxa7 Rbc6 33. b5 Rc2 34. a5 Ke5 35. Rd1 Rf6 36. Rf1 Rb2 37. b6 d4 38. b7 Kd5 39. a6 d3 40. Ra8 Rfb6 41. Rd8+ Ke4 42. a7 Rxb7 43. a8=Q 1-0

[Event "Early-Titled-Tuesday-Blitz-October-03-2023"]
[Site "Chess.com"]
[Date "2023.10.03"]
[Round "5"]
[White "isaak2009"]
[Black "wannabe2700"]
[Result "0-1"]
[WhiteElo "2547"]
[BlackElo "2686"]
[TimeControl "180+1"]
[EndTime "8:55:46 PDT"]
[Termination "wannabe2700 won on time"]

1. d4 d5 2. Nf3 Nf6 3. Bf4 e6 4. e3 c5 5. c3 Bd6 6. Bg3 Qc7 7. Nbd2 Nbd7 8. Bb5 a6 9. Bxd7+ Bxd7 10.
Bxd6 Qxd6 11. O-O O-O 12. Ne5 b5 13. Nb3 c4 14. Nc5 Rfc8 15. f4 Be8 16. b4 a5 17.
a3 axb4 18. axb4 Qc7 19. Qc2 Ra7 20. Qb2 Rca8 21. h3 Ne4 22. Nxe4 dxe4 23. Rxa7 Qxa7 24. Qc2 f6 25. Ng4 Bc6 26. f5 exf5 27. Rxf5 Qa1+ 28. Rf1 Qa2 29. Qd1 Qb2 30. d5 Bd7 31. d6 Be6 32. d7 Rd8 33. Qd6 Bxd7 34. Qe7 Rf8 35. Qxd7 Qxc3 36.
Qe6+ Kh8 37. Qxe4 Qxb4 38. Qd5 c3 39. Qc6 Qb3 40. Rc1 b4 0-1

[Event "Early-Titled-Tuesday-Blitz-October-03-2023"]
[Site "Chess.com"]
[Date "2023.10.03"]
[Round "5"]
[White "KorolDimitriy75"]
[Black "JiiHart"]
[Result "0-1"]
[WhiteElo "2379"]
[BlackElo "2198"]
[TimeControl "180+1"]
[EndTime "8:55:46 PDT"]
[Termination "JiiHart won on time"]

1. d4 d5 2. c4 c5 3. Nc3 e6 4.
cxd5 cxd4 5. Qxd4 Nc6 6. Qd1 Nb4 7. e4 exd5 8. a3 d4 9. axb4 dxc3 10. Qxd8+ Kxd8 11. bxc3 Nf6 12. f3 Be6 13. Be3 Rc8 14. O-O-O+ Ke8 15. Kb2 a6 16. Ne2 Be7 17. Nd4 h6 18. Nxe6 fxe6 19. Kb3 Kf7 20. Be2 Rhd8 21. Rxd8 Rxd8 22. Rd1 b5 23. Rxd8 Bxd8 24. c4 bxc4+ 25. Bxc4 a5 26.
b5 Nd7 27. f4 Nb6 28. Bc5 Kf6 29. g4 g5 30. e5+ Kf7 31. f5 Nxc4 32. Kxc4 exf5 33.
gxf5 h5 34. b6 g4 35. b7 Bc7 36. Bd6 h4 37. Bxc7 g3 0-1

[Event "Early-Titled-Tuesday-Blitz-October-03-2023"]
[Site "Chess.com"]
[Date "2023.10.03"]
[Round "5"]
[White "Darko-Dimitrijevic"]
[Black "Ducke13"]
[Result "1-0"]
[WhiteElo "2259"]
[BlackElo "2497"]
[TimeControl "180+1"]
[EndTime "8:55:47 PDT"]
[Termination "Darko-Dimitrijevic won on time"]

1. c4 Nf6 2. g3 c5 3. Bg2 g6 4.
b3 Bg7 5. Bb2 d6 6. e3 Nc6 7.
Ne2 h5 8. h4 O-O 9. O-O Bf5 10.
d4 Qd7 11. Re1 Bh3 12. Bh1 Rad8 13. Nbc3 Qc8 14. a3 e5 15. Nd5 Nxd5 16. cxd5 Ne7 17. dxe5 dxe5 18. e4 Qd7 19. Qd3 Nc8 20. Kh2 f5 21.
Ng1 Bg4 22. f3 fxe4 23. fxe4 Nd6 24. Bg2 Rf2 25. Bc3 Rdf8 26. Rf1 R8f6 27. b4 cxb4 28.
Bxb4 Bh6 29. Bc5 Rd2 30. Rxf6 Rxd3 31. Rxd6 Qb5 32. Rd8+ Kh7 33. Bd6 Qb2 34. Rf1 Rd2 35.
Rf7+ Bg7 36. Rxg7+ Kxg7 37. Rd7+ 1-0

[Event "Early-Titled-Tuesday-Blitz-October-03-2023"]
[Site "Chess.com"]
[Date "2023.10.03"]
[Round "5"]
[White "Jojo_898"]
[Black "knightinshiningarmour16"]
[Result "1-0"]
[WhiteElo "2378"]
[BlackElo "2105"]
[TimeControl "180+1"]
[EndTime "8:55:47 PDT"]
[Termination "Jojo_898 won on time"]

1. e4 c6 2. d4 d5 3. Nc3 a6 4. Nf3 Bg4 5. Be2 e6 6. O-O Bb4 7. exd5 cxd5 8. Ne5 Bxe2 9. Qxe2 Nf6 10. Bg5 Nc6 11.
a3 Nxd4 12. Qd2 Bxc3 13. bxc3 Nc6 14. Qe3 O-O 15. Rab1 Nxe5 16. Qxe5 b5 17. Qg3 Rc8 18. Rb4 Rc4 19. Rd1 Re8 20. Bh6 Nh5 21. Qf3 g6 22.
h3 Qc7 23. Rd3 f5 24. g4 Ng7 25. Bf4 e5 26. Qxd5+ Kh8 27. Bh6 e4 28. Rxc4 bxc4 29.
Rd4 Ne6 30. Rxc4 Qb8 31. Rc6 Rd8 32. Qxe6 Qb7 33. Rd6 Rc8 34. Rd7 1-0

[Event "Early-Titled-Tuesday-Blitz-October-03-2023"]
[Site "Chess.com"]
[Date "2023.10.03"]
[Round "5"]
[White "NikolaGry"]
[Black "Grossboss19"]
[Result "1/2-1/2"]
[WhiteElo "2710"]
[BlackElo "2526"]
[TimeControl "180+1"]
[EndTime "8:55:48 PDT"]
[Termination "Game drawn by agreement"]

1. d4 d5 2. Bg5 c5 3. c3 h6 4. Bh4 b6 5. Nf3 Nc6 6. e3 Nf6 7. Bxf6 exf6 8. Bb5 Bb7 9. Nbd2 a6 10.
Bd3 Be7 11. O-O O-O 12. dxc5 bxc5 13. e4 Ne5 14. Nxe5 fxe5 15. exd5 Bxd5 16. Be4 Rb8 17. Bxd5 Qxd5 18. b3 Rfd8 19. Nc4 Qxd1 20. Rfxd1 e4 21. Ne3 Bf6 22. Nd5 Kf8 23. Nxf6 gxf6 24. Kf1 f5 25. g3 Ke7 26. Ke2 Rxd1 27. Rxd1 Ke6 28. Kd2 Rd8+ 29. Kc2 Rxd1 30. Kxd1 f4 31. gxf4 Kf5 32. b4 cxb4 33.
cxb4 Kxf4 34. a4 Ke5 35. Ke2 f5 36. f3 Kd4 37. fxe4 fxe4 38. h4 Kc4 39. b5 axb5 40. axb5 Kxb5 41. Ke3 Kc5 42. Kxe4 Kd6 43. Kf5 Ke7 44. Kg6 Kf8 1/2-1/2

[Event "Early-Titled-Tuesday-Blitz-October-03-2023"]
[Site "Chess.com"]
[Date "2023.10.03"]
[Round "5"]
[White "AniJak"]
[Black "Yushko_Olga"]
[Result "1-0"]
[WhiteElo "2377"]
[BlackElo "2080"]
[TimeControl "180+1"]
[EndTime "8:55:48 PDT"]
[Termination "AniJak won on time"]

1. e4 e6 2. d4 d5 3. Nd2 Nf6 4. e5 Nfd7 5. Bd3 c5 6. c3 Nc6 7. Ne2 Be7 8. O-O O-O 9. f4 Qb6 10. Nf3 f6 11. exf6 Nxf6 12. Kh1 Bd7 13. b3 cxd4 14.
cxd4 Rac8 15. Be3 Nb4 16. Bb1 Ne4 17. a3 Na6 18. Ne5 Bb5 19. Rf3 Bxe2 20. Qxe2 Qxb3 21.
Bg1 Rc3 22. Bxe4 dxe4 23. Qxe4 Rxf3 24. Nxf3 Bxa3 25. Ng5 Rf5 26. Nxe6 g6 27. Ng5 Bf8 28. g4 Rf6 29. d5 Nc7 30. Bd4 Rd6 31. Rxa7 Qxd5 32.
Qxd5+ Rxd5 33. Be5 Rd1+ 34. Kg2 Rd2+ 35. Kf3 1-0

[Event "Early-Titled-Tuesday-Blitz-October-03-2023"]
[Site "Chess.com"]
[Date "2023.10.03"]
[Round "5"]
[White "RianKapriaga"]
[Black "QuintilianoR"]
[Result "0-1"]
[WhiteElo "2334"]
[BlackElo "2646"]
[TimeControl "180+1"]
[EndTime "8:55:49 PDT"]
[Termination "QuintilianoR won on time"]

1. d4 Nf6 2. Nf3 e6 3. e3 d5 4. Bd3 c5 5. b3 Nc6 6. Bb2 Bd6 7. O-O O-O 8. Nbd2 Qe7 9. Ne5 cxd4 10. exd4 Ba3 11.
Bxa3 Qxa3 12. c3 Bd7 13. f4 Qe7 14. Rf3 g6 15. Qe2 Nh5 16. Raf1 Ng7 17. Rh3 Rac8 18.
Ndf3 Nxe5 19. dxe5 f6 20. exf6 Rxf6 21. Ng5 h5 22. c4 Rcf8 23. Rhf3 Qd6 24. Qe5 Qc5+ 25.
Kh1 Nf5 26. Bxf5 Rxf5 27. Nxe6 Qe7 28. Qc7 Qxe6 29. cxd5 Qxd5 30. Rg3 R5f6 31. f5 Bc6 0-1

[Event "Early-Titled-Tuesday-Blitz-October-03-2023"]
[Site "Chess.com"]
[Date "2023.10.03"]
[Round "5"]
[White "Doudou2015"]
[Black "Heydarli77"]
[Result "0-1"]
[WhiteElo "2173"]
[BlackElo "2322"]
[TimeControl "180+1"]
[EndTime "8:55:49 PDT"]
[Termination "Heydarli77 won by resignation"]

1. b3 d5 2. Bb2 b6 3. e3 Bb7 4. f4 e6 5. Nf3 Nf6 6. g3 Nbd7 7.
Bg2 Bd6 8. O-O O-O 9. d3 c5 10.
Nbd2 Qc7 11. Qe2 e5 12. fxe5 Nxe5 13. Nxe5 Bxe5 14. Bxe5 Qxe5 15. Nf3 Qe7 16. Nh4 Qe5 17. Nf5 Rae8 18. Rae1 g6 19. Nh6+ Kg7 20. Ng4 Nxg4 21. Qxg4 f5 22. Qf4 Qc3 23. Re2 Rf7 24. e4 dxe4 25.
Bxe4 Bxe4 26. dxe4 Qd4+ 27. Kg2 Rxe4 28. Rxe4 Qxe4+ 29.
Qxe4 fxe4 30. Re1 Re7 31. Kf2 Kf6 32. Ke3 Ke5 33. Rf1 Kd5 34. Rd1+ Kc6 35. Rf1 Kb5 36. a3 c4 37. Rf4 cxb3 38. cxb3 a5 39. Rxe4 Rxe4+ 40. Kxe4 a4 41. Kd4 axb3 42. Kc3 Ka4 43. Kb2 b5 44. h3 b4 45. axb4 Kxb4 46. g4 Kc4 47. h4 h6 48. Kb1 Kc3 49. Kc1 Kd3 50. Kb2 Ke4 51. Kxb3 Kf4 52. g5 h5 53. Kc2 Kg4 54. Kd1 Kxh4 55. Ke1 Kxg5 56. Kf1 Kf4 57. Kg1 Kg3 58.
Kh1 Kf2 59. Kh2 g5 60. Kh1 g4 61. Kh2 g3+ 62. Kh3 g2 63. Kh4 g1=Q 64. Kxh5 Kf3 0-1

[Event "Early-Titled-Tuesday-Blitz-October-03-2023"]
[Site "Chess.com"]
[Date "2023.10.03"]
[Round "5"]
[White "AttilaTurzo"]
[Black "Alexchess1984"]
[Result "0-1"]
[WhiteElo "2468"]
[BlackElo "2714"]
[TimeControl "180+1"]
[EndTime "8:55:50 PDT"]
[Termination "Alexchess1984 won by resignation"]

1. d4 c5 2. d5 Nf6 3. Nc3 d6 4. e4 g6 5. Bb5+ Bd7 6. a4 Bg7 7. Nf3 O-O 8. O-O Bg4 9. Be2 Bxf3 10. Bxf3 Nbd7 11. Re1 Rb8 12. Bf4 Ne8 13. Qd2 a6 14. Bh6 b5 15. Bxg7 Kxg7 16. axb5 axb5 17. b4 Qb6 18. Be2 Nc7 19. Nd1 Nf6 20. Bf1 Ra8 21. bxc5 Qxc5 22. Rxa8 Rxa8 23. c3 Nd7 24. Ne3 Ra3 25.
Qd4+ f6 26. Rc1 Ne5 27. Qb4 Na6 28. Qxb5 Qxb5 29. Bxb5 Nc5 30. f3 Rb3 31. Be2 Rb2 32. Kf1 h5 33. Nc4 Nxc4 34. Bxc4 g5 35. Be2 h4 36. h3 Kf7 37. Ra1 Rc2 38. c4 Nb3 39. Rb1 Nd2+ 0-1

[Event "Early-Titled-Tuesday-Blitz-October-03-2023"]
[Site "Chess.com"]
[Date "2023.10.03"]
[Round "5"]
[White "FMVolodymyrSakun"]
[Black "Russian_berezka"]
[Result "0-1"]
[WhiteElo "2648"]
[BlackElo "2624"]
[TimeControl "180+1"]
[EndTime "8:55:52 PDT"]
[Termination "Russian_berezka won by resignation"]

1. e4 e5 2. Nf3 Nc6 3. Bb5 a6 4. Ba4 Nf6 5. d3 d6 6. h3 b5 7. Bb3 Na5 8. Nc3 Nxb3 9. axb3 Bb7 10. O-O c5 11. Bg5 Be7 12. Bxf6 Bxf6 13. Nh2 h5 14. Qf3 g6 15. Rfe1 Bg7 16. Qe2 O-O 17. Nf1 f5 18.
Ne3 f4 19. Ned5 f3 20. gxf3 Qh4 21. Kh2 Bc8 22. Rh1 Bxh3 23. Ne7+ Kh7 24. Ncd5 Bf1+ 25. Kg1 Qxh1+ 26. Kxh1 Bxe2 27. f4 exf4 28. Rg1 Bg4 29.
Kh2 f3 30. Ne3 Be5+ 31. Kh1 Rae8 32. N7d5 Bh3 33. Nc7 Re7 34. Ncd5 Ref7 35. c3 Bg2+ 36. Nxg2 fxg2+ 37. Rxg2 Rxf2 38. b4 Rf1+ 39. Rg1 Rxg1+ 40. Kxg1 h4 41. bxc5 dxc5 42. Ne3 h3 43. Ng4 Bg3 0-1

[Event "Early-Titled-Tuesday-Blitz-October-03-2023"]
[Site "Chess.com"]
[Date "2023.10.03"]
[Round "5"]
[White "Flaccidmoves"]
[Black "Sanyura"]
[Result "0-1"]
[WhiteElo "2460"]
[BlackElo "2662"]
[TimeControl "180+1"]
[EndTime "8:55:52 PDT"]
[Termination "Sanyura won by resignation"]

1. e4 c5 2. Nf3 e6 3. d4 cxd4 4.
Nxd4 Nf6 5. Nc3 Nc6 6. Ndb5 Bc5 7. Bf4 O-O 8. Bd6 Bxd6 9. Nxd6 a6 10. Be2 b5 11. a3 Ne8 12. Qd2 Qc7 13. Rd1 Nxd6 14.
Qxd6 Qxd6 15. Rxd6 Rd8 16. O-O Kf8 17. f4 f6 18. Rfd1 Ke7 19. Bf3 Ra7 20. g4 Rc7 21. h4 Na5 22. Be2 Bb7 23. Kf2 Nc4 24. Bxc4 Rxc4 25.
R6d4 Rc7 26. Rd6 Bc6 27. Ke3 a5 28. Ne2 Rb8 29. g5 b4 30. axb4 Rxb4 31. R6d4 Rxb2 32.
c3 Bb5 33. Ng3 Rxc3+ 34. R1d3 Rxd3+ 35. Rxd3 Bxd3 36. Kxd3 Rb3+ 0-1

[Event "Early-Titled-Tuesday-Blitz-October-03-2023"]
[Site "Chess.com"]
[Date "2023.10.03"]
[Round "5"]
[White "Ergali_Suleimen"]
[Black "Hrant_ChessMood"]
[Result "0-1"]
[WhiteElo "2631"]
[BlackElo "2923"]
[TimeControl "180+1"]
[EndTime "8:55:53 PDT"]
[Termination "Hrant_ChessMood won on time"]

1. e4 e5 2. Nf3 Nc6 3. Bb5 Nf6 4. d3 Bd6 5. Bxc6 dxc6 6. O-O Nd7 7. b3 O-O 8. Bb2 Re8 9. Nbd2 Nf8 10. Nc4 Ng6 11. Re1 c5 12. Ne3 b6 13. a4 a5 14.
Nf5 Bf8 15. Qd2 f6 16. Ng3 Nf4 17. Qe3 Ne6 18. Rad1 Nd4 19. Rc1 Bg4 20. Nd2 Qd7 21.
h3 Be6 22. f4 exf4 23. Qxf4 Bd6 24. Qf2 Be5 25. Nc4 Bxc4 26. bxc4 Qxa4 27. Kh1 Qd7 28. Bxd4 Qxd4 29. Qf3 g6 30. c3 Qd7 31. Ne2 Rad8 32. Rcd1 Qe6 33. d4 Bd6 34. d5 Qxe4 35. Qxf6 Qe5 36.
Qxe5 Rxe5 37. Nc1 a4 38. Nd3 Rxe1+ 39. Rxe1 a3 40. Ra1 Ra8 41. Kg1 Ra4 42. Kf2 a2 43. Ke3 Rxc4 44. Kd2 Ra4 45. Kc2 c4 46. Nc1 Ra5 47.
Rxa2 Rxd5 48. Ra4 b5 49. Ra5 Bf4 50. Kb1 Rd1 0-1

[Event "Early-Titled-Tuesday-Blitz-October-03-2023"]
[Site "Chess.com"]
[Date "2023.10.03"]
[Round "5"]
[White "Nbk90"]
[Black "MdChess1734"]
[Result "0-1"]
[WhiteElo "2109"]
[BlackElo "2381"]
[TimeControl "180+1"]
[EndTime "8:55:53 PDT"]
[Termination "MdChess1734 won by resignation"]

1. e4 c6 2. Nc3 d5 3. Nf3 Bg4 4. h3 Bxf3 5. Qxf3 e6 6. d3 Nd7 7. a3 Bc5 8. g3 Ne7 9. Bg2 O-O 10. O-O f5 11. Qe2 fxe4 12. dxe4 d4 13. Na4 Bd6 14. Qc4 Qc7 15. Qxd4 e5 16. Qc4+ Kh8 17.
Nc3 Bc5 18. b4 b5 19. Qd3 Bd4 20. Be3 Bxe3 21. Qxe3 a5 22. Rad1 axb4 23. axb4 Nc8 24. h4 Ncb6 25. Bh3 Rad8 26. Qe2 Nc4 27. Be6 Ndb6 28.
Nb1 Qe7 29. Bxc4 Nxc4 30. c3 Ra8 31. Qg4 Ra2 32. Rd7 Qf6 33. h5 Rxf2 34. Rfd1 Rf1+ 35. Kg2 Ne3+ 36. Kh3 Nxg4 0-1

[Event "Early-Titled-Tuesday-Blitz-October-03-2023"]
[Site "Chess.com"]
[Date "2023.10.03"]
[Round "5"]
[White "pasteta13"]
[Black "AlexandraSamaganova"]
[Result "1-0"]
[WhiteElo "2427"]
[BlackElo "2222"]
[TimeControl "180+1"]
[EndTime "8:55:55 PDT"]
[Termination "pasteta13 won on time"]

1. e4 c5 2. Ne2 e6 3. g3 Nc6 4.
Bg2 g6 5. c3 Bg7 6. d4 cxd4 7.
cxd4 d5 8. exd5 exd5 9. Nbc3 Nge7 10. O-O O-O 11. Be3 Bg4 12. h3 Bxe2 13. Nxe2 Nf5 14. Qb3 Nfxd4 15. Nxd4 Nxd4 16. Bxd4 Bxd4 17. Bxd5 Bxb2 18.
Rad1 Qf6 19. Qxb7 Rab8 20. Qxa7 Kg7 21. Rd3 Qb6 22. Qa4 Bf6 23. Rf3 Qd6 24. Rd1 Rfd8 25. Bb3 Qe7 26. Rdd3 Qc7 27. Qe4 Rxd3 28. Qxd3 Qe7 29. Re3 Qc7 30. Qd5 Rd8 31. Qb5 Qc8 32. Kg2 1-0

[Event "Early-Titled-Tuesday-Blitz-October-03-2023"]
[Site "Chess.com"]
[Date "2023.10.03"]
[Round "5"]
[White "LionTheLeon_06"]
[Black "brm72"]
[Result "1-0"]
[WhiteElo "2794"]
[BlackElo "2501"]
[TimeControl "180+1"]
[EndTime "8:55:56 PDT"]
[Termination "LionTheLeon_06 won by checkmate"]

1. Nf3 c5 2. b3 Nc6 3. Bb2 d6 4. c4 e5 5. g3 g6 6. Bg2 Bg7 7. O-O Nf6 8. d3 O-O 9. Nc3 Rb8 10. Nd2 Bd7 11. e3 a6 12. Nd5 Nxd5 13. cxd5 Ne7 14. Nc4 Qc7 15. Qd2 b5 16. Na5 f5 17. b4 Rfc8 18.
Rfc1 Qb6 19. Ba3 e4 20. dxe4 Bxa1 21. Rxa1 fxe4 22. Bxe4 cxb4 23. Bxb4 Bf5 24. Qd3 Rc4 25. Bxf5 Nxf5 26. a3 Rc7 27. Nc6 Re8 28. Ba5 Qb7 29. Bxc7 Qxc7 30. Rc1 Qb6 31. e4 Ng7 32. Nd4 h5 33.
Rc6 Qa5 34. h4 Qe1+ 35. Kg2 Rxe4 36. Rxd6 Kh7 37. Rd7 Kh6 38. Nf3 Qe2 39. Qc3 Nf5 40.
Qh8# 1-0

[Event "Early-Titled-Tuesday-Blitz-October-03-2023"]
[Site "Chess.com"]
[Date "2023.10.03"]
[Round "5"]
[White "falzehope0"]
[Black "Frolyanov_D"]
[Result "0-1"]
[WhiteElo "2376"]
[BlackElo "2678"]
[TimeControl "180+1"]
[EndTime "8:55:57 PDT"]
[Termination "Frolyanov_D won on time"]

1. d4 d5 2. e3 Nf6 3. Bd3 Nc6 4. f4 Bg4 5. Ne2 Nb4 6. O-O Nxd3 7. cxd3 c6 8. Nd2 Bxe2 9. Qxe2 e6 10. b3 Bd6 11.
Bb2 O-O 12. Nf3 a5 13. Ne5 Nd7 14. Qg4 f5 15. Qh3 a4 16. Bc3 Qe7 17. Rab1 axb3 18. Rxb3 Bxe5 19. fxe5 b6 20. a3 c5 21. dxc5 Nxc5 22.
Bb4 Qc7 23. Rc3 Qb7 24. Rfc1 Rfc8 25. Qg3 Nxd3 26. Rxc8+ Rxc8 27. Rxc8+ Qxc8 28. h3 Nxb4 29. axb4 Qc3 30. Qf4 h6 31. h4 Qc4 32. h5 Qxf4 33. exf4 g6 34. hxg6 Kg7 35. Kf2 Kxg6 36. Kg3 Kf7 37.
Kf3 Ke7 38. Ke3 Kd7 39. b5 Ke7 40. Kf3 Kf7 41. Kg3 Kg6 42. Kh4 d4 43. Kg3 Kh5 44. Kf3 Kh4 45. g3+ Kh5 0-1

[Event "Early-Titled-Tuesday-Blitz-October-03-2023"]
[Site "Chess.com"]
[Date "2023.10.03"]
[Round "5"]
[White "JohnWhite1952"]
[Black "novocane"]
[Result "0-1"]
[WhiteElo "2011"]
[BlackElo "2359"]
[TimeControl "180+1"]
[EndTime "8:55:57 PDT"]
[Termination "novocane won by resignation"]

1. e4 c5 2. Nf3 Nc6 3. d3 e5 4. g3 g6 5. Bg2 Bg7 6. Nbd2 Nge7 7. O-O O-O 8. Re1 d5 9. exd5 Nxd5 10. Nc4 f6 11. c3 Kh8 12. a4 Nde7 13. a5 Be6 14. Ne3 Qd7 15. Qa4 Rad8 16. Rd1 Bh3 17. Qh4 Bxg2 18.
Nxg2 Nf5 19. Qc4 Qd5 20. Qxd5 Rxd5 21. Ne3 Nxe3 22. Bxe3 Rfd8 23. Ne1 h6 24. Ra4 f5 25. Rc4 b6 26. axb6 axb6 27. Ra4 e4 28. d4 cxd4 29. cxd4 Nxd4 30. Kf1 g5 31. Bxd4 Rxd4 32. Raxd4 Rxd4 33. Rc1 Rb4 34. Rc8+ Kh7 35. Nc2 Rxb2 36. Ne3 f4 37.
Nf5 f3 38. Rc7 Rb1+ 0-1

[Event "Early-Titled-Tuesday-Blitz-October-03-2023"]
[Site "Chess.com"]
[Date "2023.10.03"]
[Round "5"]
[White "Ermito2020"]
[Black "MightyGMpretender"]
[Result "0-1"]
[WhiteElo "2610"]
[BlackElo "2814"]
[TimeControl "180+1"]
[EndTime "8:55:58 PDT"]
[Termination "MightyGMpretender won by resignation"]

1. e4 g6 2. d4 Bg7 3. Nc3 a6 4. Be3 b5 5. h4 h5 6. Nh3 d6 7.
Ng5 Nf6 8. f3 Nbd7 9. Qd2 Bb7 10.
O-O-O e6 11. Bd3 Qe7 12. Rhe1 c5 13. dxc5 dxc5 14. Bf1 O-O-O 15. Qd6 Rhe8 16. Bxb5 Qxd6 17.
Rxd6 axb5 18. Nxf7 b4 19. Nxd8 bxc3 20. Nxe6 cxb2+ 21.
Kb1 Bh8 22. Nxc5 Nxc5 23. Bxc5 Bxe4 24. fxe4 Nxe4 25. Bd4 Nd2+ 26. Kxb2 Rxe1 27. Rd5 Nc4+ 28. Kc3 Bxd4+ 29. Rxd4 Ne5 30. Rd6 Re4 31. Re6 Kd7 32.
Ra6 Rc4+ 33. Kb3 Rxh4 34. a4 Rg4 35. a5 Rxg2 36. Ra7+ Kc6 37. Re7 Nd7 38. a6 Nc5+ 39. Kc4 Nxa6 40. Re6+ Kb7 41. Kb5 Nc7+ 0-1

[Event "Early-Titled-Tuesday-Blitz-October-03-2023"]
[Site "Chess.com"]
[Date "2023.10.03"]
[Round "5"]
[White "Herzog2012"]
[Black "AsaHoffmann"]
[Result "0-1"]
[WhiteElo "2515"]
[BlackElo "2396"]
[TimeControl "180+1"]
[EndTime "8:56:00 PDT"]
[Termination "AsaHoffmann won on time"]

1. e4 d6 2. d4 Nf6 3. Nc3 c6 4. a4 Qa5 5. Bd2 e5 6. d5 Be7 7. Bd3 a6 8. Nge2 O-O 9. O-O Qc7 10. Ng3 c5 11. Qe2 g6 12. Nd1 Nbd7 13. Bh6 Re8 14.
Ne3 Bf8 15. Bxf8 Nxf8 16. a5 Qe7 17. Qd2 h6 18. Rab1 Kh7 19. b4 N8d7 20. b5 Nf8 21. bxa6 bxa6 22. Rb6 N8d7 23. Rc6 Bb7 24. Rc7 Reb8 25.
Rb1 Bc8 26. Rxb8 Rxb8 27. h4 Qd8 28. Ra7 Rb4 29. Ra8 Rb8 30. Ra7 Rb4 31. Nc4 Qe7 32.
Nb6 Qd8 33. Nxc8 Qxc8 34. Rxa6 c4 35. Qxb4 Qxa6 36. Bxc4 Qa7 37. Qxd6 Qxa5 0-1

[Event "Early-Titled-Tuesday-Blitz-October-03-2023"]
[Site "Chess.com"]
[Date "2023.10.03"]
[Round "5"]
[White "TERMINATOR_PC"]
[Black "Zohid6"]
[Result "0-1"]
[WhiteElo "2610"]
[BlackElo "2801"]
[TimeControl "180+1"]
[EndTime "8:56:01 PDT"]
[Termination "Zohid6 won by resignation"]

1. e4 e6 2. d4 d5 3. exd5 exd5 4. Bd3 Nc6 5. c3 Bd6 6. Qf3 Nge7 7. Ne2 O-O 8. Bf4 Ng6 9. Bxd6 Qxd6 10. O-O Re8 11. Nd2 Bd7 12. Rfe1 Re6 13. Ng3 Rf6 14. Qe3 Re8 15.
Qxe8+ Bxe8 16. Rxe8+ Nf8 17. Rae1 Re6 18. R8xe6 fxe6 19. Nf3 a6 20. h4 g6 21. h5 Kg7 22. hxg6 hxg6 23. Nd2 Nd7 24. Nf3 e5 25. dxe5 Ndxe5 26. Nxe5 Nxe5 27. Be2 Qf6 28. Nf1 c6 29. Ne3 Qf4 30. g3 Nf3+ 31. Bxf3 Qxf3 32. Kf1 c5 33. Rd1 Qh1+ 34. Ke2 Qh5+ 35. g4 Qe5 36. Rxd5 Qe7 37. g5 c4 38. Kf1 b5 39. Ke2 Kf7 40. f4 Qe4 41. Rd4 Qb1 42. Rd2 Qxa2 43. Ng4 Qb1 44. Ne5+ Ke6 45. Ke3 Kf5 46. Nf3 Qe4+ 47. Kf2 Qxf4 48.
Rd4 Qc1 49. Rd5+ Ke6 50. Re5+ Kd6 51. Re2 a5 52. Kg3 b4 53. cxb4 axb4 54. Kf2 c3 55.
bxc3 Qxc3 56. Nd2 Qd4+ 57. Kf3 b3 58. Nxb3 Qd5+ 59. Kf4 Qxb3 60. Re4 Qd5 61. Re3 Qf5+ 0-1